 Dungeon Crawl Stone Soup version 0.27-a0-901-g8736458 (webtiles) character file.

Game seed: 634840959902233582

36 Nithhogg the Skirmisher (level 3, -1/29 HPs)
             Began as a Demonspawn Fighter on Apr 5, 2021.
             Slain by an adder (4 damage)
             ... on level 2 of the Dungeon.
             The game lasted 00:01:11 (1301 turns).

Nithhogg the Skirmisher (Demonspawn Fighter)        Turns: 1301, Time: 00:01:12

Health: -1/29      AC:  6    Str: 17    XL:     3   Next: 19%
Magic:  4/4        EV:  9    Int:  9    God:
Gold:   109        SH:  0    Dex: 12    Spells: 2/2 levels left

rFire    . . .     SeeInvis .   a - +0 long sword
rCold    . . .     Faith    .   (no shield)
rNeg     . . .     Spirit   .   b - +0 scale mail
rPois    .         Reflect  .   (no helmet)
rElec    .         Harm     .   (no cloak)
rCorr    .         Rampage  .   (no gloves)
Will     .....                  (no boots)
Stlth    ..........             (no amulet)
HPRegen  0.09/turn              (no ring)
MPRegen  0.09/turn              (no ring)

@: no status effects
A: demonic magic 1
a: no special abilities


You were on level 2 of the Dungeon.
You visited 1 branch of the dungeon, and saw 2 of its levels.

You collected 109 gold pieces.

Inventory:

Hand Weapons
 a - a +0 long sword (weapon)
Armour
 b - a +0 scale mail (worn)
 c - a +0 kite shield
Scrolls
 e - a scroll of fear {unknown}
 f - a scroll of identify {unknown}
 g - 2 scrolls of enchant armour {unknown}
Potions
 d - a potion of might


   Skills:
 + Level 3.2 Fighting
 + Level 2.1 Long Blades
 + Level 3.0 Armour
 + Level 0.9 Dodging
 - Level 2.6 Shields
 + Level 1.5 Invocations


You had 2 spell levels left.
You didn't know any spells.
Your spell library was empty.

Dungeon Overview and Level Annotations

Branches:
Dungeon (2/15)

Altars:


Innate Abilities, Weirdness & Mutations

Spells you cast may paralyse adjacent enemies.


Message History

You feel sick. The adder bites you but does no damage.
The adder barely misses you.
You riposte.
You barely miss the adder.
The adder is heavily wounded.
You completely miss the adder.
The adder is heavily wounded.
You feel sick.
You are no longer poisoned.
The adder bites you.
You barely miss the adder.
The adder is heavily wounded.
The adder barely misses you. The adder bites you.
You hit the adder but do no damage.
The adder is heavily wounded.
The adder bites you but does no damage. x2
You miss the adder.
The adder is heavily wounded.
The adder bites you but does no damage.
You barely miss the adder.
The adder is heavily wounded.
The adder bites you.
* * * LOW HITPOINT WARNING * * *
The adder barely misses you.
You completely miss the adder.
The adder is heavily wounded.
The adder closely misses you.
You miss the adder.
The adder is heavily wounded.
The adder bites you.
* * * LOW HITPOINT WARNING * * *
The adder bites you but does no damage.
You closely miss the adder.
The adder is heavily wounded.
The adder barely misses you. x2
You closely miss the adder.
The adder is heavily wounded.
The adder barely misses you.
You hit the adder.
The adder is severely wounded.
The adder bites you.
You die...

#....###.# ........##
........ #######
#......# [....#
#......# #. #....#
#......# #.# #....#
#.S†...# #.# #..).#
#..@$..# #.# #....#
#......# ##.# #....#
#......#
...####....###......#
........###.........#
........# #........##
...###.## #........#
.....#.# ##########
...#.#..


You could see an adder.

Vanquished Creatures
  An adder (D:2)
  3 ball pythons
  2 endoplasms (D:1)
  A giant cockroach (D:1)
  4 goblins
  A hobgoblin (D:2)
  2 jackals (D:1)
  2 quokkas (D:1)
  A bat (D:1)
  2 frilled lizards (D:1)
  4 kobolds
  A rat (D:1)
24 creatures vanquished.

Notes
Turn   | Place    | Note
-------+----------+-------------------------------------------
     0 | D:1      | Nithhogg the Demonspawn Fighter began the quest for the
                  | Orb.
     0 | D:1      | Reached XP level 1. HP: 18/18 MP: 1/1
   226 | D:1      | Gained mutation: Spells you cast may paralyse adjacent
                  | enemies. [demonic ancestry]
   226 | D:1      | Reached XP level 2. HP: 20/24 MP: 2/2
   410 | D:1      | Reached skill level 1 in Invocations
   553 | D:1      | Found a faded altar of an unknown god.
  1291 | D:2      | Reached XP level 3. HP: 16/29 MP: 4/4
  1301 | D:2      | Slain by an adder

Illustrated notes

Levels and vault maps discovered:
D:1:      dpeg_arrival_rooms_c, layout_loops_ring, basic_ecumenical_altar
D:2:      layout_basic, serial_corexii_hall, corexii_hall_statues_deadend,
          corexii_hall_statues_t, chequers_hall_statues_wall_a,
          minmay_tetromino_l4

Skill      XL: |  1  2 |
---------------+-------+-----
Long Blades    | 2 |  2.1
Invocations    | 1 |  1.5
Armour         | 3 |  3.0
Fighting       | |  3.2
Dodging        | |  0.9
Shields        | |  2.6

Action                   || total
-------------------------++-------
Melee: Long sword        ||    74
Armor: Scale mail        ||    38
Dodge: Dodged            ||    58
       Rpst.: Long sword ||    16

Table legend: (Time is in decaauts)
 A = Elapsed time spent in this place.
 B = Non-inter-level travel time spent in this place.
 C = Inter-level travel time spent in this place.
 D = Time resting spent in this place.
 E = Time spent auto-exploring this place.
 F = Levels seen in this place.
 G = Mean time per level.
                   A        B        C        D        E       F      G
               +--------+--------+--------+--------+--------+-----+--------+
         Total |   1322 |   1300 |     22 |      0 |   1135 |   2 |  661.0 |
       Dungeon |   1322 |   1300 |     22 |      0 |   1135 |   2 |  661.0 |
               +--------+--------+--------+--------+--------+-----+--------+

Top non-repeatable levels by time:
     D:1: 1067 daAuts
     D:2: 254 daAuts
